 Dungeon Crawl Stone Soup version 0.23-a0-79-gaa8cc03 (webtiles) character file.

12 Amnesiac the Magician (level 2, 0/19 HPs)
             Began as a Mummy Air Elementalist on Aug 11, 2018.
             Slain by an orc
             ... wielding a +0 whip
              (2 damage)
             ... on level 3 of the Dungeon.
             The game lasted 00:01:08 (104 turns).

Amnesiac the Magician (Mummy Air Elementalist)       Turns: 104, Time: 00:01:09

Health: 0/19       AC:  2    Str: 11    XL:     2   Next: 20%
Magic:  0/5        EV: 12    Int: 14    God:
Gold:   0          SH:  0    Dex: 12    Spells: 5/6 levels left

rFire    x . .     SeeInvis .   (no weapon)
rCold    + . .     Gourm    .   (no shield)
rNeg     + + +     Faith    .   a - +0 robe
rPois    ∞         Spirit   .   (no helmet)
rElec    .         Reflect  .   (no cloak)
rCorr    .         Harm     .   (no gloves)
MR       .....                  (no boots)
Stlth    ++........             (no amulet)
HPRegen  0.06/turn              (no ring)
MPRegen  0.09/turn              (no ring)

@: no status effects
A: no food or potions, fire vulnerability, cold resistance 1, negative energy
resistance 3, torment resistance, unbreathing
a: no special abilities


You were on level 3 of the Dungeon.
You were not hungry.

You visited 1 branch of the dungeon, and saw 3 of its levels.

Inventory:

Armour
 a - a +0 robe (worn)


   Skills:
 - Level 1.5 Dodging
 - Level 1.5 Stealth
 - Level 2.6 Spellcasting
 * Level 1.5 Conjurations
 + Level 2.6 Air Magic


You had 5 spell levels left.
You knew the following spells:

 Your Spells              Type           Power        Failure   Level  Hunger
a - Shock                 Conj/Air       #...         10%         1    N/A

Your spell library contained the following spells:

 Spells                   Type           Power        Failure   Level  Hunger
 Lightning Bolt           Conj/Air       #.........   95%         5    N/A
 Swiftness                Chrm/Air       #.......     21%         2    N/A
 Airstrike                Air            #.........   58%         4    N/A
 Static Discharge         Conj/Air       #.......     28%         3    N/A

Dungeon Overview and Level Annotations

Branches:
Dungeon (3/15)

Altars:


Innate Abilities, Weirdness & Mutations

You do not eat or drink.
Your flesh is vulnerable to fire.
You are immune to poison.
Your flesh is cold resistant. (rC+)
You are immune to negative energy. (rN+++)
You are immune to unholy pain and torment.
You can survive without breathing.


Message History

Casting: Shock (safe; 11% risk of failure)
Confirm with . or Enter, or press ? or * to list all spells.
Aiming: Shock (safe; 11% risk of failure)
Press: ? - help, Shift-Dir - straight line The zap hits the orc.
The orc is moderately wounded.
The zap hits the adder.
The adder is lightly wounded.
The zap hits the adder.
The adder is heavily wounded.
The zap hits the orc.
The orc appears unharmed.
The orc is moderately wounded.
The orc barely misses you.
Unknown command.
Casting: Shock (safe; 11% risk of failure)
Confirm with . or Enter, or press ? or * to list all spells.
Aiming: Shock (safe; 11% risk of failure)
Press: ? - help, Shift-Dir - straight line The zap misses the orc.
The zap hits the adder.
The adder is almost dead.
The zap misses the adder.
The zap hits the orc.
The orc is severely wounded.
The orc hits you with a whip!
Ouch! That really hurt!
* * * LOW HITPOINT WARNING * * *
Unknown command.
Casting: Shock (safe; 11% risk of failure)
Confirm with . or Enter, or press ? or * to list all spells.
You don't have enough magic to cast that spell.
Found a scale mail.
A phantom comes into view.
Casting: Shock (safe; 11% risk of failure)
Confirm with . or Enter, or press ? or * to list all spells.
Aiming: Shock (safe; 11% risk of failure)
Press: ? - help, Shift-Dir - straight line The zap misses the orc.
The zap hits the adder.
You kill the adder!
You have reached level 2!
The orc hits you with a whip.
* * * LOW HITPOINT WARNING * * *
A goblin comes into view. It is wielding a dagger of venom.
The goblin shouts!
Casting: Shock (safe; 10% risk of failure)
Confirm with . or Enter, or press ? or * to list all spells.
Aiming: Shock (safe; 10% risk of failure)
Press: ? - help, Shift-Dir - straight line, f - goblin
Aim: a goblin, wielding a dagger of venom The zap misses the goblin.
The orc closely misses you.
Unknown command.
You hit the goblin.
The goblin is heavily wounded.
The goblin hits you with a dagger of venom.
* * * LOW HITPOINT WARNING * * *
The orc closely misses you.
The phantom blinks!
You closely miss the goblin.
The goblin is heavily wounded.
The goblin barely misses you. The orc hits you but does no damage.
Your magical contamination has completely faded away.
You barely miss the goblin.
The goblin is heavily wounded.
The goblin hits you with a dagger of venom.
* * * LOW HITPOINT WARNING * * *
The orc hits you with a whip.
You die...

...# ##.##
#...############...#####
#..#>............[..W.W.
...#.###########...####
....[....# ##W########
...#.###.# #.........
#....).# #.########
..##.#.# ########o# .#
#)#.# ......g@.# . #..<#
########## ###.# #.# #.#
#.# #.# ..# #.#


You could see a phantom, an orc and a goblin.

Vanquished Creatures
  An adder (D:3)
  A goblin (D:1)
  A hobgoblin (D:3)
  A rat (D:2)
4 creatures vanquished.

Notes
Turn   | Place    | Note
-------+----------+-------------------------------------------
     0 | D:1      | Amnesiac the Mummy Air Elementalist began the quest for the Orb.
     0 | D:1      | Reached XP level 1. HP: 13/13 MP: 4/4
    57 | D:2      | Reached skill level 1 in Conjurations
    94 | D:3      | Noticed a phantom
    96 | D:3      | Reached XP level 2. HP: 8/19 MP: 0/5
   104 | D:3      | Slain by an orc

Vault maps used:
D:1:      mushboom_english_gardens, minmay_misc_feat_room, serial_bayou_lagoon_a
D:2:      chequers_temple_overflow_minitemple
D:3:      corexii_leaking_fountain, nicolae_underground_beach

Skill      XL: |  1 |
---------------+----+-----
Conjurations   | 1 |  1.5
Dodging        | |  1.5
Stealth        | |  1.5
Spellcasting   | |  2.6
Air Magic      | |  2.6

Action                   || total
-------------------------++-------
Melee: Unarmed           ||     3
 Cast: Shock             ||     8
Armor: Robe              ||     1
Dodge: Dodged            ||     6

Table legend:
 A = Non-vault XP
 B = Vault XP
 C = Vault XP percentage of total XP
 D = Non-vault monster count
 E = Vault monster count
 F = Vault count percentage of total count
 G = Total turns spent on level
                 A         B        C        D         E       F
            +---------+---------+-------+---------+---------+-------
      Total |      18 |       0 |   0.0 |       4 |       0 |   0.0
            +---------+---------+-------+---------+---------+-------
        D:1 |       2 |       0 |   0.0 |       1 |       0 |   0.0
        D:2 |       1 |       0 |   0.0 |       1 |       0 |   0.0
        D:3 |      15 |       0 |   0.0 |       2 |       0 |   0.0
            +---------+---------+-------+---------+---------+-------
